 Dungeon Crawl Stone Soup version 0.20-a0-492-g6327889 (webtiles) character file.

3494 Duffy the Grappler (level 9, -5/85 HPs)
             Began as a Troll Monk on Jan 16, 2017.
             Was a Priest of Cheibriados.
             Slain by a two-headed ogre
             ... wielding a +0 giant club
              (15 damage)
             ... on level 8 of the Dungeon.
             The game lasted 00:07:14 (5672 turns).

Duffy the Grappler (Troll Monk)                     Turns: 5672, Time: 00:07:14

Health: -5/85      AC:  7    Str: 30    XL:     9   Next: 80%
Magic:  16/16      EV: 13    Int:  8    God:    Cheibriados [***...]
Gold:   519        SH:  0    Dex: 20    Spells: 8/8 levels left

rFire    . . .     SeeInvis .     - Unarmed
rCold    . . .     Gourm    +   N - +0 troll leather armour
rNeg     . . .     Faith    .   (no shield)
rPois    .         Spirit   .   t - +0 hat
rElec    .         Reflect  .   (no cloak)
rCorr    .         Harm     .   (gloves unavailable)
MR       .....                  (boots unavailable)
Stlth    ++........             (no amulet)
Regen    1.0/turn               Q - ring of wizardry
                                e - ring of magical power

@: very slow
A: unfitting armour, claws 3, agile 1, dopey 2, fast metabolism 3, gourmand, low
mp 1, regeneration 1, shaggy fur 1, tough skin 2, sturdy frame 1
a: Bend Time, Temporal Distortion, Renounce Religion


You were on level 8 of the Dungeon.
You worshipped Cheibriados.
Cheibriados was most pleased with you.
You were very full.

You visited 2 branches of the dungeon, and saw 9 of its levels.
You also visited: Sewer.

You collected 519 gold pieces.

Inventory:

Hand Weapons
 r - a +0 blowgun
 H - a +1 hand axe of flaming
Missiles
 s - 5 curare-tipped needles
 x - 3 tomahawks (quivered)
 y - a throwing net
Armour
 p - a +2 robe of the Archmagi
 t - a +0 hat (worn)
 N - a +0 troll leather armour (worn)
Jewellery
 e - a ring of magical power (left claw)
 Q - a ring of wizardry (right claw)
Wands
 o - a wand of flame (30/48)
 M - a wand of flame (29/48)
 S - a wand of lightning (4/15)
Scrolls
 c - 6 scrolls of identify {unknown}
 d - 2 scrolls of enchant armour {unknown}
 f - 5 scrolls of recharging {unknown}
 g - a scroll of random uselessness {unknown}
 i - 2 scrolls of fear {unknown}
 k - 4 scrolls of teleportation {unknown}
 n - a scroll of magic mapping {unknown}
 q - 3 scrolls of remove curse {unknown}
 D - 2 scrolls of amnesia {unknown}
 E - a scroll of fog {unknown}
 G - a scroll of noise {unknown}
 K - 3 scrolls of enchant weapon {unknown}
 O - 2 scrolls of immolation {unknown}
Potions
 a - 2 potions of mutation {unknown}
 j - a potion of agility {unknown}
 l - 5 potions of lignification {unknown}
 m - 5 potions of curing {unknown}
 v - 2 potions of cancellation {unknown}
 w - 4 potions of heal wounds {unknown}
 A - 2 potions of brilliance {unknown}
 B - 3 potions of flight {unknown}
 C - a potion of ambrosia {unknown}
 F - a potion of might {unknown}
 J - 2 potions of cure mutation {unknown}
 L - a potion of degeneration {unknown}
 R - a potion of magic {unknown}
Comestibles
 b - 5 bread rations
 h - 3 meat rations
 u - 4 fruits
 z - 3 slices of pizza
 I - 3 beef jerkies
 P - a chunk of flesh
 T - a royal jelly


   Skills:
 + Level 4.7 Fighting
 + Level 4.6 Dodging
 - Level 1.0 Stealth
 + Level 12.3 Unarmed Combat


You had 8 spell levels left.
You didn't know any spells.

Dungeon Overview and Level Annotations

Branches:
Dungeon (9/15)             Temple (1/1) D:6
   Lair: D:8-11         Orc: D:9-12

Altars:
Ashenzari
Cheibriados
Dithmenos
Elyvilon
Fedhas
Gozag
Hepliaklqana
Kikubaaqudgha
Makhleb
Nemelex Xobeh
Okawaru
Qazlal
Ru
Sif Muna
Trog
Uskayaw
Vehumet
Xom
Yredelemnul
Zin
The Shining One

Annotations:
D:9 1 runed door


Innate Abilities, Weirdness & Mutations

You are too large for most types of armour.
You have claws for hands.
Your metabolism is lightning-fast.
You like to eat raw meat.
Your natural rate of healing is unusually fast.
You are covered in fur. (AC +1)
You have very tough skin. (AC +2)
You are agile. (Dex +2)
You are very dopey. (Int -4)
Your magical capacity is low. (-10% MP)
Your movements are slightly less encumbered by armour. (ER -2)


Message History

The two-headed ogre hits you with a giant club!
The two-headed ogre barely misses you.
You barely miss the two-headed ogre.
The two-headed ogre is moderately wounded.
You scratch the two-headed ogre.
The two-headed ogre is moderately wounded.
The two-headed ogre hits you with a giant club!
The two-headed ogre hits you with a giant club!!
You are too injured to fight recklessly!
You claw the two-headed ogre!
The two-headed ogre is severely wounded.
The two-headed ogre closely misses you. The two-headed ogre barely misses you.
You claw the two-headed ogre!
The two-headed ogre is almost dead.
You completely miss the two-headed ogre.
You claw the two-headed ogre.
The two-headed ogre is almost dead.
The two-headed ogre barely misses you.
The two-headed ogre hits you with a giant club!
You die...

#.....##.........#
#.....##.....~~...#
#............~}...+
##....##.....~.~.##
##....##.........#
#.....##....#......
##....########.....
##.....O....# .....
#.....@#....# ..#
#......#....#
#......#HF...#
#.....##....##
##....##....#
#######....# .....#
......


You could see a two-headed ogre.

Vanquished Creatures
  A troll (D:9)
  A hippogriff (D:8)
  Sigmund (D:2)
  A steam dragon (D:9)
  A vampire mosquito (D:9)
  An orc warrior (D:9)
  2 ice beasts
  3 sky beasts
  2 ogres
  2 phantoms (D:9)
  A centaur (D:9)
  A crocodile (D:9)
  2 big kobolds (Sewer)
  4 bullfrogs
  2 scorpions (D:9)
  2 howler monkeys
  A crimson imp (D:9)
  A quasit (Sewer)
  A bullfrog skeleton (D:9)
  2 hounds
  2 jellies (D:9)
  An orc priest (D:5)
  4 orc wizards
  Jessica (D:2)
  An iguana (D:9)
  4 worker ants
  A killer bee zombie (D:6)
  5 big kobold zombies (Sewer)
  2 hound zombies (D:5)
  A hound skeleton (D:4)
  Robin (D:2)
  9 adders
  A river rat (D:5)
  5 shadow imps
  4 ufetubi (Sewer)
  3 adder skeletons
  3 worms
  A dart slug (D:1)
  5 leopard geckos
  12 orcs
  A bat zombie (Sewer)
  8 giant cockroaches
  15 goblins
  5 hobgoblins
  2 jackals (D:4)
  2 quokkas
  A ball python (D:5)
  5 bats
  8 frilled lizards
  A jackal skeleton (D:4)
  22 kobolds
  7 rats
175 creatures vanquished.

Vanquished Creatures (others)
  Grinder (Sewer)
  A big kobold zombie (Sewer)
  A kobold zombie (Sewer)
3 creatures vanquished.

Grand Total: 178 creatures vanquished

Notes
Turn   | Place    | Note
-------+----------+-------------------------------------------
     0 | D:1      | Duffy the Troll Monk began the quest for the Orb.
     0 | D:1      | Reached XP level 1. HP: 22/22 MP: 0/0
   348 | D:1      | Reached XP level 2. HP: 29/29 MP: 1/1
   658 | D:2      | Noticed Robin
   724 | D:2      | Reached skill level 4 in Unarmed Combat
   734 | D:2      | Killed Robin
   734 | D:2      | Reached XP level 3. HP: 27/36 MP: 2/2
   869 | D:2      | Noticed Jessica
   875 | D:2      | Killed Jessica
   923 | D:2      | Reached XP level 4. HP: 44/44 MP: 3/3
   957 | D:2      | Reached skill level 5 in Unarmed Combat
   983 | D:2      | Noticed Sigmund
   993 | D:2      | Killed Sigmund
   993 | D:2      | Reached skill level 6 in Unarmed Combat
   993 | D:2      | Reached XP level 5. HP: 29/50 MP: 4/4
  1683 | D:3      | Reached XP level 6. HP: 59/59 MP: 5/5
  2162 | D:3      | Reached skill level 7 in Unarmed Combat
  2919 | D:5      | Entered Level 5 of the Dungeon
  2920 | D:5      | Reached skill level 8 in Unarmed Combat
  2920 | D:5      | Reached XP level 7. HP: 66/66 MP: 6/6
  2951 | D:5      | Gained mutation: Scrolls take you a little longer to read. [mutagenic meat]
  2952 | D:5      | Gained mutation: You are dopey. (Int -2) [mutagenic meat]
  2953 | D:5      | Lost mutation: Scrolls take you a little longer to read. [mutagenic meat]
  2954 | D:5      | Gained mutation: You are agile. (Dex +2) [mutagenic meat]
  3046 | D:5      | Reached skill level 9 in Unarmed Combat
  3184 | D:5      | Found a glowing drain.
  3199 | Sewer    | Entered a sewer
  3376 | Sewer    | Found a burning altar of Makhleb.
  3394 | Sewer    | Reached XP level 8. HP: 66/74 MP: 7/7
  3408 | Sewer    | Reached skill level 10 in Unarmed Combat
  3453 | Sewer    | Noticed Grinder
  3485 | Sewer    | Killed Grinder
  4073 | D:5      | Reached skill level 11 in Unarmed Combat
  4377 | D:6      | Gained mutation: Your movements are slightly less encumbered by armour. (ER -2) [mutagenic meat]
  4378 | D:6      | Gained mutation: You are very dopey. (Int -4) [mutagenic meat]
  4379 | D:6      | Gained mutation: Your magical capacity is low. (-10% MP) [mutagenic meat]
  4565 | D:6      | Found a staircase to the Ecumenical Temple.
  4594 | Temple   | Entered the Ecumenical Temple
  4770 | Temple   | Became a worshipper of Cheibriados the Contemplative
  4770 | Temple   | Reached * piety under Cheibriados
  4770 | Temple   | Reached ** piety under Cheibriados
  5034 | D:6      | You fall through a shaft for 3 floors!
  5106 | D:9      | Reached XP level 9. HP: 80/80 MP: 7/7
  5122 | D:9      | Noticed a troll
  5127 | D:9      | Killed a troll
  5286 | D:9      | Reached skill level 12 in Unarmed Combat
  5600 | D:9      | Found a runed door.
  5603 | D:9      | Reached *** piety under Cheibriados
  5664 | D:8      | Noticed a two-headed ogre
  5672 | D:8      | Slain by a two-headed ogre

Vault maps used:
D:1:      saegor_arrival_simple_e, minmay_heptomino_l4
D:2:      first_bread, uniq_sigmund, uniq_robin, uniq_jessica
D:5:      portal_sewer_entry_e, kennysheep_generic_room_16
D:6:      minivault_1, nicolae_lava_and_water, sigmund_army
D:8:      serial_shops, nicolae_shop_statue_plus, basic_altar, grunt_pizzeria,
          corexii_leaking_fountain
D:9:      minmay_imperfect_grid, david_lair_shrubbed,
          minmay_statue_crystal_thing
Temple:   minmay_crystal_snake_temple
Sewer:    kennysheep_sewer_church

Skill      XL: |  1  2  3  4  5  6  7  8  9 |
---------------+----------------------------+-----
Unarmed Combat | 4 6 8 9 11 12 | 12.3
Fighting       | 4 |  4.7
Dodging        | 4 |  4.6
Stealth        | |  1.0

Action                   |  1- 3 |  4- 6 |  7- 9 || total
-------------------------+-------+-------+-------++-------
Melee: Unarmed           |    61 |   153 |   279 ||   493
       Punch             |       |     4 |    19 ||    23
 Fire: Blowgun           |       |       |     1 ||     1
 Stab: Sleeping          |       |     4 |     9 ||    13
       Distracted        |       |       |     2 ||     2
  Eat: Chunk             |    14 |    18 |    30 ||    62
Armor: Robe              |    19 |    61 |    85 ||   165
       Troll leather arm |       |       |    10 ||    10
Dodge: Dodged            |    31 |    64 |   133 ||   228
